 Dungeon Crawl Stone Soup version 0.16.2-12-gd0ad4c3 (webtiles) character file.

123 faibistes the Magician (level 4, 0/24 HPs)
             Began as a Deep Elf Wizard on Mar 8, 2018.
             Succumbed to a worker ant's poison
             ... on level 3 of the Dungeon.
             The game lasted 00:06:19 (2745 turns).

faibistes the Magician (Deep Elf Wizard)            Turns: 2745, Time: 00:06:19

Health: 0/24       AC:  3    Str:  4    XL:     4   Next: 80%
Magic:  2/18       EV: 13    Int: 24    God:
Gold:   68         SH:  0    Dex: 13    Spells: 6 memorised, 2 levels left

rFire  + . .     SeeInvis .     g - +0 dagger
rCold  . . .     Clarity  .     a - +0 robe
rNeg   . . .     SustAb   .     (no shield)
rPois  .         Gourm    .     b - +0 hat
rElec  .         Spirit   .     r - +0 cloak
rCorr  .         Warding  .     (no gloves)
rMut   .         Stasis   .     (no boots)
MR     .....                    (no amulet)
Stlth  ++........               m - ring of protection from fire
                                k - ring of wizardry

@: lethally poisoned (0 -> -7), very slightly contaminated, hasted, repel
missiles, very quick, not resistant to hostile enchantments, unstealthy
A: no striking features
a: no special abilities


You were on level 3 of the Dungeon.
You were hungry.

You visited 1 branch of the dungeon, and saw 4 of its levels.

You collected 68 gold pieces.

Inventory:

Hand weapons
 g - a +0 dagger (weapon)
 h - a +0 club
Armour
 a - a +0 robe (worn)
 b - a +0 hat (worn)
 r - a +0 cloak (worn)
Jewellery
 k - a ring of wizardry (left hand)
 m - a ring of protection from fire (right hand)
Scrolls
 l - a scroll of remove curse {unknown}
 o - a scroll of enchant weapon {unknown}
 t - a scroll of magic mapping {unknown}
 u - a scroll of teleportation {unknown}
 v - a scroll of recharging {unknown}
Potions
 i - 2 potions of resistance
 j - 3 potions of haste
 q - a potion of might
 s - 2 potions of brilliance
Books
 c - a book of Minor Magic

   Spells                             Type                      Level
   a - Magic Dart                     Conjuration                  1
   b - Blink                          Translocation                2
   c - Call Imp                       Summoning                    2
   d - Repel Missiles                 Charms/Air                   2
   e - Slow                           Hexes                        2
   f - Conjure Flame                  Conjuration/Fire             3
   g - Mephitic Cloud                 Conjuration/Poison/Air       3
Comestibles
 d - 2 bread rations
 f - a royal jelly
 n - a meat ration
 p - 3 chunks of flesh


   Skills:
 + Level 3.4 Dodging
 - Level 2.4 Stealth
 * Level 6.1 Spellcasting
 * Level 3.1 Conjurations
 - Level 1.1 Summonings
 - Level 1.1 Translocations


You had 2 spell levels left.
You knew the following spells:

 Your Spells              Type           Power        Failure   Level  Hunger
a - Magic Dart            Conj           ###.         1%          1    None
b - Conjure Flame         Conj/Fire      ##......     6%          3    #......
c - Call Imp              Summ           ##......     4%          2    None
d - Blink                 Tloc           N/A          4%          2    None
e - Mephitic Cloud        Conj/Pois/Air  ##......     7%          3    #......
f - Repel Missiles        Chrm/Air       #.....       4%          2    None


Dungeon Overview and Level Annotations

Branches:
Dungeon (4/15)
 Temple: D:4-7

Altars:
Nemelex Xobeh
Xom
Yredelemnul


Message History

You are lethally poisoned!
The worker ant poisons you!
Casting: Magic Dart
Confirm with . or Enter, or press ? or * to list all spells.
You blink.
* * * LOW HITPOINT WARNING * * *
You feel sick.
Drink which item? (? for menu, Esc to quit)
You feel yourself speed up.
You are feeling hungry.
* * * LOW HITPOINT WARNING * * *
You feel sick.
You are very lightly contaminated with residual magic.
Casting: Blink
Confirm with . or Enter, or press ? or * to list all spells.
You don't have enough magic to cast that spell.
The worker ant closely misses you.
* * * LOW HITPOINT WARNING * * *
You feel sick.
You die...

############
#..........#
#.########.###### #.#
#...)...# #.# #..))##.#
#######.#######.#...).#
............@.a....([)>#
#######.##########..###
######.#...# #...###
#......#.#.### #.....#
#.....##.#...# #.###.#
#.....##...#.###.# #.#
#............#<#.# #.#
#...รท.####.###.#.###.#
#.....##.....#.#.....#


You could see a worker ant.

Vanquished Creatures
  Robin (D:3)
  6 adders
  A gnoll (D:1)
  A worm (D:2)
  A giant gecko (D:2)
  An orc (D:3)
  6 bats
  A giant cockroach (D:1)
  9 goblins
  12 hobgoblins
  2 giant newts
  5 kobolds
  6 rats
52 creatures vanquished.

Notes
Turn   | Place    | Note
--------------------------------------------------------------
     0 | D:1      | faibistes, the Deep Elf Wizard, began the quest for the Orb.
     0 | D:1      | Reached XP level 1. HP: 10/10 MP: 6/6
   524 | D:1      | Reached XP level 2. HP: 15/15 MP: 5/10
   528 | D:1      | Learned a level 2 spell: Blink
   531 | D:1      | Learned a level 2 spell: Call Imp
   823 | D:2      | Reached skill level 5 in Spellcasting
  1015 | D:1      | Reached XP level 3. HP: 19/19 MP: 12/14
  1021 | D:1      | Learned a level 3 spell: Conjure Flame
  1025 | D:1      | Learned a level 3 spell: Mephitic Cloud
  1581 | D:2      | Found a sparkling altar of Nemelex Xobeh.
  1791 | D:2      | Found a shimmering altar of Xom.
  1792 | D:2      | Found a basalt altar of Yredelemnul.
  1954 | D:2      | Learned a level 2 spell: Repel Missiles
  2127 | D:3      | Reached XP level 4. HP: 24/24 MP: 14/17
  2244 | D:4      | Noticed Robin
  2624 | D:3      | Killed Robin
  2624 | D:3      | Reached skill level 6 in Spellcasting
  2743 | D:3      | HP: 1/24 [poisoned by a worker ant]
  2745 | D:3      | Succumbed to a worker ant's poison

Action                   |  1- 3 |  4- 6 || total
-------------------------+-------+-------++-------
Melee: Unarmed           |     2 |       ||     2
       Dagger            |     2 |     5 ||     7
 Cast: Magic Dart        |    76 |    39 ||   115
       Call Imp          |     3 |       ||     3
       Mephitic Cloud    |     1 |     8 ||     9
       Repel Missiles    |     1 |       ||     1
       Blink             |       |     8 ||     8
       Conjure Flame     |       |     1 ||     1
  Use: Scroll            |     2 |     2 ||     4
       Potion            |       |     1 ||     1
  Eat: Chunk             |     4 |     1 ||     5
